PL
BOSTON PATRIOTS @ OAKLAND OAKS
10/08/2025
 
TOP OF THE 1ST
Boston Patriots batting - Pitching for Oakland Oaks : LHP José Reyna
Pitching: LHP José Reyna
Batting: RHB Brent Ryan 0-0: Foul Ball, location: 2F
0-1: Swinging Strike
0-2: Foul Ball, location: 2F
0-2: Foul Ball, location: 2F
0-2: Strikes out swinging
Batting: LHB Ki-tak Im 0-0: Called Strike
0-1: Called Strike
0-2: Ball
1-2: Ball
2-2: Ball
3-2: Fly out, F8 (Flyball, 8LM)
Batting: RHB Tamasaburo Kato 0-0: Ball
1-0: Swinging Strike
1-1: Ball
2-1: Foul Ball, location: 2F
2-2: Ball
3-2: Base on Balls
Batting: RHB Abílio Conceio 0-0: Called Strike
0-1: Foul Ball, location: 2F
0-2: Ball
1-2: Ball
2-2: Fly out, F8 (Flyball, 8RS)
Top of the 1st over - 0 run(s), 0 hit(s), 0 error(s), 1 left on base; Boston 0 - Oakland 0
BOTTOM OF THE 1ST
Oakland Oaks batting - Pitching for Boston Patriots : RHP Jorge Aguirre
Pitching: RHP Jorge Aguirre
Batting: LHB Jorge Vargas 0-0: Ball
1-0: Ball
2-0: DOUBLE (Line Drive, 8LD)
Batting: LHB Todd Henry 0-0: Called Strike
0-1: Ball
1-1: 2-RUN HOME RUN (Flyball, 89XD), Distance : 426 ft
Batting: LHB Mal Wadley 0-0: Ball
1-0: Foul Ball, location: 2F
1-1: Ground out 1-3 (Groundball, 15S)
Batting: LHB Ron Frazier 0-0: Ball
1-0: Ball
2-0: Called Strike
2-1: Ball
3-1: Base on Balls
Batting: LHB Edwin Church 0-0: Ball
1-0: Ball
2-0: Fly out, F8 (Flyball, 8LM)
Batting: LHB Todd Williams 0-0: Ball
1-0: Foul Ball, location: 2F
1-1: Ground out 1-3 (Groundball, 13S)
Bottom of the 1st over - 2 run(s), 2 hit(s), 0 error(s), 1 left on base; Boston 0 - Oakland 2
TOP OF THE 2ND
Boston Patriots batting - Pitching for Oakland Oaks : LHP José Reyna
Batting: RHB Tommy Jones 0-0: Ball
1-0: Foul Ball, location: 2F
1-1: Foul Ball, location: 2F
1-2: SOLO HOME RUN (Flyball, 78XD), Distance : 436 ft
Batting: RHB Terry Armstrong 0-0: SINGLE (Line Drive, 9)
Batting: RHB Ben Ross 0-0: Swinging Strike
0-1: Foul Ball, location: 2F
0-2: Ball
1-2: Ground out 5-3 (Groundball, 25)
Terry Armstrong to second
Batting: LHB Jorge Pérez 0-0: Foul Ball, location: 2F
0-1: Ball
1-1: Foul Ball, location: 2F
1-2: Reached on error, E1 (Groundball, 15S)
Terry Armstrong to third
Batting: RHB Karl Schultz 0-0: Called Strike
0-1: Fly out, F8 (Flyball, 78M)
Runner from 3rd tags up, SCORES, throw made
Batting: RHB Brent Ryan 0-0: SINGLE (Groundball, 56D)
Jorge Pérez to second
Batting: LHB Ki-tak Im 0-0: Ball
1-0: Ball
2-0: Called Strike
2-1: Foul Ball, location: 2F
2-2: Ball
3-2: SINGLE (Groundball, 34D)
Jorge Pérez to third
Brent Ryan to second
Jorge Pérez scores
Brent Ryan to third
Batting: RHB Tamasaburo Kato 0-0: Foul Ball, location: 2F
0-1: Foul Ball, location: 2F
0-2: Ball
1-2: Ball
2-2: Ball
3-2: Foul Ball, location: 2F
3-2: Fly out, F9 (Line Drive, 9)
Top of the 2nd over - 3 run(s), 4 hit(s), 1 error(s), 2 left on base; Boston 3 - Oakland 2
BOTTOM OF THE 2ND
Oakland Oaks batting - Pitching for Boston Patriots : RHP Jorge Aguirre
Batting: RHB Rafael Durango 0-0: Ground out 3-1 (Groundball, 34S)
Batting: LHB Jesús Quintanilla 0-0: Swinging Strike
0-1: Ball
1-1: Ball
2-1: Foul Ball, location: 2F
2-2: SINGLE (Groundball, 34D)
Batting: SHB John Allen 0-0: Called Strike
0-1: Called Strike
0-2: Ball
1-2: Fly out, F4 (Line Drive, 4M)
Batting: LHB Jorge Vargas 0-0: Called Strike
0-1: Called Strike
0-2: Fly out, F4 (Popup, 34)
Bottom of the 2nd over - 0 run(s), 1 hit(s), 0 error(s), 1 left on base; Boston 3 - Oakland 2
TOP OF THE 3RD
Boston Patriots batting - Pitching for Oakland Oaks : LHP José Reyna
Batting: RHB Abílio Conceio 0-0: Called Strike
0-1: Ball
1-1: Ball
2-1: Foul Ball, location: 2F
2-2: Ball
3-2: Base on Balls
Batting: RHB Tommy Jones 0-0: Called Strike
0-1: SINGLE (Line Drive, 89S)
Abílio Conceio to second
Batting: RHB Terry Armstrong 0-0: Called Strike
0-1: Foul Ball, location: 2F
0-2: Foul Ball, location: 2F
0-2: SINGLE (Line Drive, 7S)
Abílio Conceio to third
Tommy Jones to second
Runner from 3rd tries for Home, SAFE, no throw
Batting: RHB Ben Ross 0-0: Called Strike
0-1: Ball
1-1: Foul Ball, location: 2F
1-2: Foul Ball, location: 2F
1-2: Fly out, F6 (Popup, 6MD)
Batting: LHB Jorge Pérez 0-0: Ball
1-0: Grounds into double play, 3-6-3 (Groundball, 34)
Top of the 3rd over - 1 run(s), 2 hit(s), 0 error(s), 1 left on base; Boston 4 - Oakland 2
BOTTOM OF THE 3RD
Oakland Oaks batting - Pitching for Boston Patriots : RHP Jorge Aguirre
Batting: LHB Todd Henry 0-0: Ball
1-0: Ball
2-0: Ball
3-0: Called Strike
3-1: Foul Ball, location: 2F
3-2: Foul Ball, location: 2F
3-2: DOUBLE (Flyball, 89XD)
Batting: LHB Mal Wadley 0-0: Ball
1-0: Fly out, F9 (Flyball, 9S)
Batting: LHB Ron Frazier 0-0: Swinging Strike
0-1: Foul Ball, location: 2F
0-2: Ball
1-2: Strikes out swinging
Batting: LHB Edwin Church 0-0: Ball
1-0: Called Strike
1-1: Ball
2-1: Fly out, F4 (Line Drive, 4)
Bottom of the 3rd over - 0 run(s), 1 hit(s), 0 error(s), 1 left on base; Boston 4 - Oakland 2
TOP OF THE 4TH
Boston Patriots batting - Pitching for Oakland Oaks : LHP José Reyna
Batting: RHB Karl Schultz 0-0: Ball
1-0: Ball
2-0: Foul Ball, location: 2F
2-1: Foul Ball, location: 2F
2-2: Fly out, F6 (Popup, 6D)
Batting: RHB Brent Ryan 0-0: Called Strike
0-1: Ball
1-1: Foul Ball, location: 2F
1-2: Ball
2-2: Fly out, F7 (Line Drive, 7)
Batting: LHB Ki-tak Im 0-0: Called Strike
0-1: SINGLE (Line Drive, 89S)
Batting: RHB Tamasaburo Kato 0-0: Ball
1-0: Swinging Strike
1-1: Fly out, F7 (Flyball, 7)
Top of the 4th over - 0 run(s), 1 hit(s), 0 error(s), 1 left on base; Boston 4 - Oakland 2
BOTTOM OF THE 4TH
Oakland Oaks batting - Pitching for Boston Patriots : RHP Jorge Aguirre
Batting: LHB Todd Williams 0-0: Ball
1-0: Bunt for hit - play at first, batter OUT! 5-3
Batting: RHB Rafael Durango 0-0: Called Strike
0-1: Swinging Strike
0-2: Ball
1-2: Ball
2-2: Foul Ball, location: 2F
2-2: Strikes out swinging
Batting: LHB Jesús Quintanilla 0-0: DOUBLE (Line Drive, 89XD)
Batting: SHB John Allen 0-0: Called Strike
0-1: Ball
1-1: Ball
2-1: Ball
3-1: Fly out, F9 (Flyball, 89M)
Bottom of the 4th over - 0 run(s), 1 hit(s), 0 error(s), 1 left on base; Boston 4 - Oakland 2
TOP OF THE 5TH
Boston Patriots batting - Pitching for Oakland Oaks : LHP José Reyna
Batting: RHB Abílio Conceio 0-0: Called Strike
0-1: SINGLE (Groundball, 6M) (infield hit)
Batting: RHB Tommy Jones 0-0: Called Strike
0-1: Ball
1-1: Ball
2-1: SINGLE (Line Drive, 8RS)
Abílio Conceio to second
Batting: RHB Terry Armstrong 0-0: Called Strike
0-1: Foul Ball, location: 2F
0-2: Ball
1-2: Ball
2-2: Strikes out swinging
Batting: RHB Ben Ross 0-0: Called Strike
0-1: Ball
1-1: Foul Ball, location: 2F
1-2: Ball
2-2: SINGLE (Line Drive, 8LS)
Abílio Conceio to third
Tommy Jones to second
Pitching: RHP Mimosa Joseph
Batting: LHB Jorge Pérez 0-0: Ball
1-0: Ball
2-0: Fly out, F7 (Flyball, 78D)
Runner from 3rd tags up, SCORES, throw made
Batting: RHB Karl Schultz 0-0: Called Strike
0-1: Foul Ball, location: 2F
0-2: Ball
1-2: Fly out, F7 (Flyball, 7S)
Top of the 5th over - 1 run(s), 3 hit(s), 0 error(s), 2 left on base; Boston 5 - Oakland 2
BOTTOM OF THE 5TH
Oakland Oaks batting - Pitching for Boston Patriots : RHP Jorge Aguirre
Batting: LHB Jorge Vargas 0-0: Ball
1-0: Ball
2-0: Called Strike
2-1: Called Strike
2-2: Foul Ball, location: 2F
2-2: Strikes out swinging
Batting: LHB Todd Henry 0-0: Called Strike
0-1: Foul Ball, location: 2F
0-2: Ball
1-2: Ball
2-2: Ball
3-2: Strikes out swinging
Batting: LHB Mal Wadley 0-0: Called Strike
0-1: Foul Ball, location: 2F
0-2: Strikes out swinging
Bottom of the 5th over - 0 run(s), 0 hit(s), 0 error(s), 0 left on base; Boston 5 - Oakland 2
TOP OF THE 6TH
Boston Patriots batting - Pitching for Oakland Oaks : RHP Mimosa Joseph
Batting: RHB Brent Ryan 0-0: Ball
1-0: Swinging Strike
1-1: Swinging Strike
1-2: Strikes out looking
Batting: LHB Ki-tak Im 0-0: Swinging Strike
0-1: Ball
1-1: Swinging Strike
1-2: Fly out, F7 (Flyball, 7S)
Batting: RHB Tamasaburo Kato 0-0: Fly out, F7 (Flyball, 7D)
Top of the 6th over - 0 run(s), 0 hit(s), 0 error(s), 0 left on base; Boston 5 - Oakland 2
BOTTOM OF THE 6TH
Oakland Oaks batting - Pitching for Boston Patriots : RHP Jorge Aguirre
Batting: LHB Ron Frazier 0-0: Ball
1-0: Ball
2-0: SINGLE (Groundball, 6D)
Batting: LHB Edwin Church 0-0: Called Strike
0-1: Ball
1-1: Ball
2-1: SINGLE (Line Drive, 6MD)
Ron Frazier to second
Batting: LHB Todd Williams 0-0: Called Strike
0-1: Swinging Strike
0-2: Ball
1-2: Ball
2-2: Ball
3-2: Foul Ball, location: 2F
3-2: Strikes out swinging
Batting: RHB Rafael Durango 0-0: Ball
1-0: Grounds into double play, 6-4-3 (Groundball, 56)
Bottom of the 6th over - 0 run(s), 2 hit(s), 0 error(s), 1 left on base; Boston 5 - Oakland 2
TOP OF THE 7TH
Boston Patriots batting - Pitching for Oakland Oaks : RHP Mimosa Joseph
Batting: RHB Abílio Conceio 0-0: Ball
1-0: Called Strike
1-1: Ball
2-1: Foul Ball, location: 2F
2-2: Ball
3-2: Foul Ball, location: 2F
3-2: Foul Ball, location: 2F
3-2: Fly out, F6 (Line Drive, 6)
Batting: RHB Tommy Jones 0-0: Foul Ball, location: 2F
0-1: Ball
1-1: Foul Ball, location: 2F
1-2: Ball
2-2: Ball
3-2: Foul Ball, location: 2F
3-2: Foul Ball, location: 2F
3-2: SINGLE (Groundball, 6MD)
Batting: RHB Terry Armstrong 0-0: Ball
1-0: Foul Ball, location: 2F
1-1: Fly out, F8 (Line Drive, 8RM)
Batting: RHB Ben Ross 0-0: Foul Ball, location: 2F
0-1: Fly out, F8 (Flyball, 8RS)
Top of the 7th over - 0 run(s), 1 hit(s), 0 error(s), 1 left on base; Boston 5 - Oakland 2
BOTTOM OF THE 7TH
Oakland Oaks batting - Pitching for Boston Patriots : RHP Jorge Aguirre
Batting: LHB Jesús Quintanilla 0-0: Swinging Strike
0-1: Ball
1-1: Fly out, F6 (Line Drive, 6)
Batting: SHB John Allen 0-0: Ground out 4-3 (Groundball, 4)
Batting: LHB Jorge Vargas 0-0: Called Strike
0-1: Fly out, F7 (Flyball, 7LSF)
Bottom of the 7th over - 0 run(s), 0 hit(s), 0 error(s), 0 left on base; Boston 5 - Oakland 2
TOP OF THE 8TH
Boston Patriots batting - Pitching for Oakland Oaks : RHP Mimosa Joseph
Batting: LHB Jorge Pérez 0-0: Ball
1-0: Ball
2-0: SINGLE (Groundball, 4MD)
Batting: RHB Karl Schultz 0-0: Called Strike
0-1: Swinging Strike
0-2: Fly out, F8 (Flyball, 8RM)
Batting: RHB Brent Ryan 0-0: Called Strike
0-1: Grounds into double play, 5-4-3 (Groundball, 56)
Top of the 8th over - 0 run(s), 1 hit(s), 0 error(s), 0 left on base; Boston 5 - Oakland 2
BOTTOM OF THE 8TH
Oakland Oaks batting - Pitching for Boston Patriots : RHP Jorge Aguirre
Batting: LHB Todd Henry 0-0: Ball
1-0: Ground out U3 (Groundball, 3S)
Batting: LHB Mal Wadley 0-0: Foul Ball, location: 2F
0-1: Ball
1-1: Swinging Strike
1-2: Ball
2-2: Foul Ball, location: 2F
2-2: Foul Ball, location: 2F
2-2: Foul Ball, location: 2F
2-2: Strikes out looking
Batting: LHB Ron Frazier 0-0: SINGLE (Groundball, 4S) (infield hit)
Pitching: LHP Jesús Caldero
Batting: LHB Edwin Church 0-0: Called Strike
0-1: Ball
1-1: Ball
2-1: Ball
3-1: Called Strike
3-2: Strikes out looking
Bottom of the 8th over - 0 run(s), 1 hit(s), 0 error(s), 1 left on base; Boston 5 - Oakland 2
TOP OF THE 9TH
Boston Patriots batting - Pitching for Oakland Oaks : RHP Mimosa Joseph
Batting: LHB Ki-tak Im 0-0: Ball
1-0: Ball
2-0: Called Strike
2-1: Fly out, F7 (Flyball, 7)
Batting: RHB Tamasaburo Kato 0-0: Ball
1-0: Ball
2-0: Swinging Strike
2-1: Swinging Strike
2-2: Strikes out swinging
Batting: RHB Abílio Conceio 0-0: SOLO HOME RUN (Flyball, 9LD), Distance : 352 ft
Batting: RHB Tommy Jones 0-0: Ball
1-0: Foul Ball, location: 2F
1-1: Ball
2-1: Fly out, F9 (Flyball, 9S)
Top of the 9th over - 1 run(s), 1 hit(s), 0 error(s), 0 left on base; Boston 6 - Oakland 2
BOTTOM OF THE 9TH
Oakland Oaks batting - Pitching for Boston Patriots : LHP Jesús Caldero
Batting: LHB Todd Williams 0-0: Ball
1-0: Ball
2-0: Ball
3-0: Base on Balls
Batting: RHB Rafael Durango 0-0: Called Strike
0-1: Ball
1-1: Fly out, F7 (Flyball, 7S)
Batting: LHB Jesús Quintanilla 0-0: Swinging Strike
0-1: Ball
1-1: Swinging Strike
1-2: Ball
2-2: SINGLE (Line Drive, 34)
Todd Williams to second
Pitching: RHP Robinson Gonzáles
Batting: SHB John Allen 0-0: Ball
1-0: Ground out 6-3 (Groundball, 6S)
Todd Williams to third
Jesús Quintanilla to second
Batting: LHB Jorge Vargas 0-0: Ball
1-0: Foul Ball, location: 2F
1-1: Fly out, F8 (Flyball, 8LM)
Bottom of the 9th over - 0 run(s), 1 hit(s), 0 error(s), 2 left on base; Boston 6 - Oakland 2
Friday, December 30th, 2016 - OOTP Baseball 17.12 Build 75